 Dungeon Sprint DCSS version 0.19.1 (webtiles) character file.

13500000 Groucho the Intangible (level 27, -265/149 HPs)
             Began as a Felid Fighter on Dec 2, 2016.
             Was the Champion of Makhleb.
             Annihilated by a fleshlord
             ... wielding a +9 great mace
              (305 damage)
             ... in the Dungeon (Sprint VIII: "Arena of Blood").
             The game lasted 00:04:19 (135 turns).

Groucho the Intangible (Felid Fighter)               Turns: 135, Time: 00:04:19

Health: -265/149   AC:  3    Str: 12    XL:     27
Magic:  55/55      EV: 44    Int: 12    God:    Makhleb [******]
Gold:   0          SH:  0    Dex: 26    Spells: 0 memorised, 80 levels left
                                        Lives:  0   Deaths: 5

rFire  . . .     SeeInvis +       - Unarmed
rCold  + . .     Gourm    .     (armour unavailable)
rNeg   . . .     Faith    .     (shield unavailable)
rPois  .         Spirit   .     (helmet unavailable)
rElec  .         Reflect  .     (cloak unavailable)
rCorr  .         Harm     .     (gloves unavailable)
MR     ++++.     NoTele   +     (boots unavailable)
Stlth  ++++++++++               (no amulet)
                                (no ring)
                                i - +27000 ring of slaying

@: slowed, slow
A: no armour, no weapons or thrown items, stealth, claws 1, fangs 3, see
invisible, carnivore 3, speed 1, shaggy fur 3, slow metabolism 1, sharp paws
a: Minor Destruction, Lesser Servant of Makhleb, Major Destruction, Greater
Servant of Makhleb, Renounce Religion


You were in the Dungeon.
You worshipped Makhleb.
Makhleb was exalted by your worship.
You were not hungry.

You visited 1 branch

Inventory:

Jewellery
 i - a +27000 ring of slaying (left paw)
Scrolls
 h - a scroll of blinking
Potions
 a - a potion of might
 c - a potion of curing
 d - a potion of heal wounds
 f - 2 potions of magic
 g - a potion of berserk rage
Comestibles
 b - a meat ration


   Skills:
 O Level 27 Fighting
 O Level 27 Dodging
 O Level 27 Stealth
 O Level 27 Unarmed Combat
 O Level 27 Spellcasting
 O Level 27 Invocations


You had 80 spell levels left.
You didn't know any spells.

Dungeon Overview and Level Annotations

Branches:
Dungeon (1/1)

Altars:
Makhleb

Annotations:
D The Servant


Innate Abilities, Weirdness & Mutations

You cannot wear armour.
You are incapable of wielding weapons or throwing items.
Your paws allow you to move quietly. (Stealth)
You have sharp claws.
You have razor-sharp teeth.
You have supernaturally acute eyesight. (SInv)
You are carnivorous and can eat meat at any time.
You cover ground quickly.
Your thick and shaggy fur keeps you warm. (AC +3, rC+)
You have a slow metabolism.
Your sharp claws are effective at attacking unaware monsters.


Message History

The bag of meat convulses!
The eight-headed meat hydra convulses!
The bag of meat convulses!
The meat berserker convulses!
The scourge convulses!
The bag of meat convulses! x3; The observer convulses!
The bag of meat convulses! x5; The large bag of meat convulses!
The bag of meat convulses! x2; The meat berserker convulses!
The eight-headed meat hydra convulses!
Your body is wracked with pain!
* * * LOW HITPOINT WARNING * * *
The fleshlord convulses!
You hear a shout! x3
The large abomination completely misses you.
The fleshlord gestures at you while chanting.
You feel yourself slow down.
The large abomination completely misses you.
The fleshlord gestures wildly while chanting.
The fleshlord seems to speed up.
The tyrant mumbles some strange words.
You hear a shout! x4
The fleshlord hits you with a +9 great mace!!!!!!
Ouch! That really hurt!
You die...

).#... #. ....XD..#
o..... ......oooooo#
#...... .#.#.#..#Gooo#
...###.. .....Xo#oXDOW#
...# . . .....XXL#.x.o#
...#.. .......#o.Soo#
...... ..p...XXCXO2o#
WX.z...#...#....).##zC#
o.z...#@...#....@##)x†#
O...##X....#...pp#.))V#
O..#... ..#....##.....#
...#...###.p..#.......#
.......z....#p....§...#
o......§..†........####
...####).....)..####
.... #.......####
..........####


You could see a tentacled monstrosity, an eight-headed meat hydra, an observer
(invisible), a scourge, 5 fleshlords, a large bag of meat (inner flame), 6 large
abominations, a dread, 2 meat berserkers, 12 bags of meat and a crawling corpse.

Vanquished Creatures
  4 hell beasts (D)
  Edmund (D)
  9 vampire knights (D)
  20 ogres (D)
  4 liches (D)
  A hydra (D)
  34 orcs (D)
  A phantom (D)
  2 hill giants (D)
  6 skeletal warriors (D)
  2 large abominations (D)
84 creatures vanquished.

Vanquished Creatures (others)
  A crawling corpse (D)
1 creature vanquished.

Grand Total: 85 creatures vanquished

Notes
Turn   | Place    | Note
-------+----------+-------------------------------------------
     0 | D        | Groucho the Felid Fighter began the quest for the Orb.
     0 | D        | Reached XP level 1. HP: 10/10 MP: 2/2
     3 | D        | Noticed a bag of meat
     4 | D        | Became a worshipper of Makhleb the Destroyer
     5 | D        | Noticed a meat berserker
     6 | D        | Noticed a bag of meat
     6 | D        | Noticed a meat berserker
     6 | D        | Noticed a bag of meat
     7 | D        | Noticed a bag of meat
     8 | D        | Killed a meat berserker
     8 | D        | Reached skill level 15 in Fighting
     8 | D        | Reached skill level 15 in Unarmed Combat
     8 | D        | Reached XP level 2. HP: 26/26 MP: 3/3
     8 | D        | Reached XP level 3. HP: 30/30 MP: 4/4
     8 | D        | Reached XP level 4. HP: 34/34 MP: 5/5
     8 | D        | Reached XP level 5. HP: 37/37 MP: 6/6
     8 | D        | Gained mutation: You are covered in thick fur. (AC +2) [Felid growth]
     8 | D        | Reached XP level 6. HP: 42/42 MP: 7/7
     8 | D        | Reached XP level 7. HP: 45/45 MP: 8/8
     8 | D        | Reached XP level 8. HP: 49/49 MP: 9/9
     8 | D        | Reached XP level 9. HP: 53/53 MP: 10/10
     8 | D        | Reached XP level 10. HP: 58/58 MP: 11/11
     8 | D        | Reached XP level 11. HP: 61/61 MP: 12/12
     8 | D        | Gained mutation: Your thick and shaggy fur keeps you warm. (AC +3, rC+) [Felid growth]
     8 | D        | Reached XP level 12. HP: 66/66 MP: 13/13
     8 | D        | Reached XP level 13. HP: 69/69 MP: 14/14
     9 | D        | Noticed a bag of meat
    10 | D        | Noticed a meat berserker
    10 | D        | Killed a meat berserker
    10 | D        | Reached * piety under Makhleb
    10 | D        | Reached skill level 27 in Dodging
    10 | D        | Reached XP level 14. HP: 45/78 MP: 15/15
    12 | D        | Killed a bag of meat
    13 | D        | Noticed a meat berserker
    13 | D        | Killed a bag of meat
    13 | D        | Reached skill level 27 in Stealth
    13 | D        | Reached XP level 15. HP: 56/86 MP: 16/16
    14 | D        | Noticed a meat berserker
    14 | D        | Reached ** piety under Makhleb
    16 | D        | Killed a meat berserker
    16 | D        | Reached XP level 16. HP: 99/99 MP: 17/17
    17 | D        | Killed a meat berserker
    17 | D        | Reached *** piety under Makhleb
    17 | D        | Reached skill level 27 in Fighting
    17 | D        | Reached skill level 27 in Unarmed Combat
    17 | D        | Reached XP level 17. HP: 104/104 MP: 17/35
    18 | D        | Noticed a meat berserker
    19 | D        | Noticed a meat berserker
    21 | D        | Killed a meat berserker
    24 | D        | Noticed a meat berserker
    24 | D        | Killed a meat berserker
    24 | D        | Reached XP level 18. HP: 109/109 MP: 18/44
    25 | D        | Killed a meat berserker
    25 | D        | Reached **** piety under Makhleb
    27 | D        | Noticed a destroyer
    27 | D        | Reached skill level 27 in Invocations
    27 | D        | Reached XP level 19. HP: 113/113 MP: 18/50
    28 | D        | Noticed a meat berserker
    28 | D        | Noticed a destroyer
    28 | D        | Reached skill level 27 in Spellcasting
    29 | D        | Killed a meat berserker
    29 | D        | Reached ***** piety under Makhleb
    31 | D        | Noticed a large bag of meat
    32 | D        | Noticed The Servant
    32 | D        | Reached XP level 20. HP: 118/118 MP: 19/52
    33 | D        | Mangled by The Servant
    34 | D        | Reached XP level 19. HP: -13/113 MP: 19/51
    34 | D        | Noticed a large bag of meat
    35 | D        | Noticed a destroyer
    36 | D        | Noticed a destroyer
    36 | D        | Annihilated by a destroyer
    37 | D        | Reached XP level 18. HP: -61/109 MP: 50/50
    37 | D        | Noticed a meat berserker
    37 | D        | Noticed a destroyer
    38 | D        | Noticed a meat berserker
    40 | D        | Killed a destroyer
    42 | D        | Killed a meat berserker
    42 | D        | Reached XP level 19. HP: 113/113 MP: 51/51
    43 | D        | Killed a destroyer
    46 | D        | Killed a meat berserker
    46 | D        | Reached ****** piety under Makhleb
    46 | D        | Reached XP level 20. HP: 118/118 MP: 52/52
    51 | D        | Reached XP level 21. HP: 122/122 MP: 53/53
    52 | D        | Killed a destroyer
    53 | D        | Noticed a destroyer
    55 | D        | Reached XP level 22. HP: 127/127 MP: 54/54
    57 | D        | Killed a destroyer
    60 | D        | Noticed a tyrant
    60 | D        | Killed a destroyer
    60 | D        | Reached XP level 23. HP: 131/131 MP: 55/55
    64 | D        | Noticed a meat beast
    66 | D        | Noticed a destroyer
    67 | D        | Noticed a destroyer
    69 | D        | Reached XP level 24. HP: 136/136 MP: 55/55
    70 | D        | Killed a destroyer
    71 | D        | Killed a meat beast
    71 | D        | Reached XP level 25. HP: 140/140 MP: 55/55
    72 | D        | Noticed a destroyer
    72 | D        | Noticed a tyrant
    72 | D        | Noticed a tyrant
    72 | D        | Killed a tyrant
    75 | D        | Noticed a destroyer
    75 | D        | Reached XP level 26. HP: 145/145 MP: 55/55
    77 | D        | Noticed a meat beast
    78 | D        | Noticed a meat beast
    78 | D        | Killed a destroyer
    79 | D        | Killed a meat beast
    79 | D        | Reached XP level 27. HP: 149/149 MP: 55/55
    83 | D        | Killed a destroyer
    84 | D        | Killed a meat beast
    85 | D        | Noticed a dread
    85 | D        | Killed a tyrant
    85 | D        | Noticed a meat beast
    86 | D        | Noticed a meat beast
    87 | D        | HP: 7/149 [large bag of meat/exploding inner flame (24)]
    88 | D        | Annihilated by The Servant
    89 | D        | Noticed a tyrant
    89 | D        | Noticed a meat beast
    91 | D        | Killed a destroyer
    91 | D        | Annihilated by The Servant
    97 | D        | Noticed a tyrant
   108 | D        | Killed a tyrant
   109 | D        | Killed a tyrant
   110 | D        | Noticed The Defiler
   116 | D        | Noticed a tyrant
   119 | D        | Noticed a meat beast
   120 | D        | Noticed a meat beast
   122 | D        | Noticed a destroyer
   123 | D        | Noticed a dread
   128 | D        | Killed a meat beast
   131 | D        | Killed The Defiler
   132 | D        | Noticed a fleshlord
   133 | D        | Annihilated by a sculptor of flesh
   134 | D        | Noticed a fleshlord
   134 | D        | Noticed a fleshlord
   134 | D        | Noticed a fleshlord
   135 | D        | Annihilated by a fleshlord

Skill      XL: |  1  2  3  4  5  6  7  8  9 10 11 12 13 14 15 16 17 18 19 |
---------------+----------------------------------------------------------+-----
Fighting       | 15 18 21 26 27 | 27.0
Dodging        | 25 27 | 27.0
Stealth        | 20 24 27 | 27.0
Unarmed Combat | 15 18 21 26 27 | 27.0
Spellcasting   | 13 21 26 27 | 27.0
Invocations    | 14 22 27 | 27.0

Action                   |  1- 3 |  4- 6 |  7- 9 | 10-12 | 13-15 | 16-18 | 19-21 | 22-24 | 25-27 || total
-------------------------+-------+-------+-------+-------+-------+-------+-------+-------+-------++-------
Melee: Unarmed           |     1 |       |       |       |     6 |     8 |    17 |    15 |    40 ||    87
       Punch             |       |       |       |       |     1 |       |       |       |       ||     1
  Use: Potion            |       |       |       |       |       |       |     1 |       |       ||     1
Armor: Skin              |       |       |       |       |       |       |       |       |     1 ||     1
Dodge: Dodged            |       |       |       |       |       |       |     2 |     1 |    14 ||    17
